 Dungeon Crawl Stone Soup version 0.21.0-37-g46506fa (webtiles) character file.

587 Monsterracer the Ducker (level 7, -1/33 HPs)
             Began as a Felid Monk on Jan 31, 2018.
             Was a Believer of Dithmenos.
             Slain by a gnoll
             ... wielding a cursed -3 spear
              (5 damage)
             ... on level 5 of the Dungeon.
             The game lasted 00:09:43 (6012 turns).

Monsterracer the Ducker (Felid Monk)                Turns: 6012, Time: 00:09:44

Health: -1/33      AC:  2    Str:  7    XL:     7   Next: 15%
Magic:  8/8        EV: 23    Int: 11    God:    Dithmenos [**....]
Gold:   158        SH:  0    Dex: 21    Spells: 6/6 levels left
                                        Lives:  0   Deaths: 2

rFire    . . .     SeeInvis +     - Unarmed
rCold    . . .     Gourm    .   (shield unavailable)
rNeg     . . .     Faith    .   (armour unavailable)
rPois    .         Spirit   .   (helmet unavailable)
rElec    .         Reflect  .   (cloak unavailable)
rCorr    .         Harm     .   (gloves unavailable)
MR       +....                  (boots unavailable)
Stlth    +++++.....             (no amulet)
HPRegen  0.11/turn              d - ring of wizardry
MPRegen  0.11/turn              (no ring)

@: wreathed by umbra, quick
A: very small, no armour, no weapons or thrown items, stealth, claws 1, fangs 3,
see invisible, carnivore, speed 1, shaggy fur 2, slow metabolism 1, sharp paws
a: Shadow Step, Renounce Religion


You were on level 5 of the Dungeon.
You worshipped Dithmenos.
Dithmenos was pleased with you.
You were completely stuffed.

You visited 2 branches of the dungeon, and saw 6 of its levels.
You also visited: Sewer.

You collected 158 gold pieces.

Inventory:

Jewellery
 d - a ring of wizardry (left paw)
Scrolls
 g - 6 scrolls of teleportation
 n - 2 scrolls of fear {!r}
Potions
 a - 4 potions of curing
 b - a potion of cancellation
 e - a potion of resistance
 f - a potion of lignification {unknown}
 h - a potion of brilliance {unknown}
 i - a potion of berserk rage {unknown}
 k - a potion of mutation {!q}
 l - 2 potions of agility
 o - 2 potions of flight
 p - a potion of magic {unknown}
 q - 2 potions of might {unknown}
 s - a potion of heal wounds {unknown}
Comestibles
 c - 10 rations
 j - a chunk of flesh


   Skills:
 + Level 5.0 Fighting
 + Level 6.5 Dodging
 + Level 6.3 Stealth
 * Level 6.4 Unarmed Combat
 + Level 0.4 Invocations


You had 6 spell levels left.
You didn't know any spells.

Dungeon Overview and Level Annotations

Branches:
Dungeon (5/15)             Temple (1/1) D:5

Altars:
Ashenzari
Dithmenos
Elyvilon
Fedhas
Gozag
Hepliaklqana
Makhleb
Nemelex Xobeh
Okawaru
Qazlal
Trog
Vehumet
Wu Jian
Xom
Yredelemnul
Zin

Annotations:
D:5 Edmund


Innate Abilities, Weirdness & Mutations

You cannot wear armour.
You are incapable of wielding weapons or throwing items.
Your paws allow you to move quietly. (Stealth)
You have sharp claws.
You have razor-sharp teeth.
You have supernaturally acute eyesight. (SInv)
You are carnivorous and can eat meat at any time.
You cover ground quickly.
You are covered in thick fur. (AC +2)
You have a slow metabolism.
Your sharp claws are effective at attacking unaware monsters.


Message History

Dithmenos accepts your kill.
Your Fighting skill increases to level 5!
Welcome back to level 7!
You hear a shout!
Health restored: 33; MP restored: 8
Things that are here:
a trident; a scale mail The gnoll shouts!
You hear a shout!
A gnoll comes into view. It is wielding a spear.
Things that are here:
a trident; a scale mail The gnoll closely misses you.
Things that are here:
a trident; a scale mail You closely miss the gnoll.
The gnoll shouts!
You bite the gnoll.
The gnoll is lightly wounded.
The gnoll barely misses you.
You barely miss the gnoll.
The gnoll is lightly wounded.
The gnoll hits you with a whip!
You take 9 damage, and have 24/33 hp.
MASSIVE DAMAGE!!
You are too injured to fight recklessly!
You are too injured to fight recklessly!
You scratch the gnoll. You bite the gnoll, but do no damage.
The gnoll is heavily wounded.
The gnoll closely misses you.
You barely miss the gnoll.
The gnoll is heavily wounded.
You scratch the gnoll.
The gnoll is severely wounded.
The gnoll completely misses you.
You scratch the gnoll but do no damage.
The gnoll is severely wounded.
The gnoll completely misses you.
You claw the gnoll!
You kill the gnoll!
Dithmenos accepts your kill.
You barely miss the gnoll. The gnoll completely misses you.
A gnoll comes into view.
You claw the gnoll! Your bite misses the gnoll.
The gnoll is severely wounded.
The gnoll closely misses you.
You claw the gnoll!
You kill the gnoll!
Dithmenos accepts your kill.
You barely miss the quokka skeleton. The quokka skeleton closely misses you.
The gnoll misses you.
You barely miss the quokka skeleton.
The quokka skeleton completely misses you.
You scratch the quokka skeleton but do no damage.
The gnoll misses you.
The quokka skeleton completely misses you.
You claw the quokka skeleton!
You destroy the quokka skeleton!
Dithmenos accepts your kill. The gnoll closely misses you.
A gnoll comes into view. It is wielding a flail.
The gnoll completely misses you.
The gnoll hits you from afar with a spear.
Items here: ! ) [ † a brown potion; a trident; a scale mail; a gnoll corpse You take 3 damage, and have 23/33 hp.
You scratch the gnoll but do no damage. The gnoll misses you.
The gnoll hits you from afar with a spear!
* * * LOW HITPOINT WARNING * * *
You take 10 damage, and have 13/33 hp.
MASSIVE DAMAGE!!
The gnoll misses you.
You see here a robe.
You see here a scroll labeled ZOEVOT WAALOAD.
As you read the scroll labeled ZOEVOT WAALOAD, it crumbles to dust.
It is a scroll of amnesia.
You feel forgetful for a moment.
Things that are here:
a whip; a potion of curing; a gnoll corpse
f - a brown potion
Things that are here:
a trident; a scale mail; a gnoll corpse
Okay, then.
You butcher the gnoll corpse.
j - a chunk of flesh
Things that are here:
a trident; a scale mail The gnoll shouts!
You scratch the gnoll.
The gnoll is moderately wounded.
The gnoll hits you with a flail!
* * * LOW HITPOINT WARNING * * *
You take 7 damage, and have 9/33 hp.
MASSIVE DAMAGE!!
You scratch the gnoll.
The gnoll is heavily wounded.
The gnoll hits you with a flail.
* * * LOW HITPOINT WARNING * * *
The gnoll completely misses you.
You take 5 damage, and have 4/33 hp.
You scratch the gnoll but do no damage.
The gnoll is heavily wounded.
The gnoll hits you from afar with a spear.
You die...

####. #.#########
#....##.........#########
.......<....g............
#######..........#....##.
#......[##########.##.#
#.#..........# #....#
#............# #....##..
###..........#####g.......
...#........g@.gg....####
.######......##########
................
.........########
#####.....##########
#.(............#
#....#########.# ##.#.
#.......# #.#. #.......#


You could see 4 gnolls.

Vanquished Creatures
  2 phantoms
  An ogre (D:4)
  The ghost of troglodite the Charmwright, an amateur OpSk (D:3)
  2 big kobolds (Sewer)
  A bullfrog (D:4)
  A gnoll sergeant (D:5)
  A crimson imp (D:4)
  Crazy Yiuf (D:2)
  A hound skeleton (D:5)
  3 river rats
  14 adders
  4 gnolls
  2 oozes (Sewer)
  An adder skeleton (D:4)
  5 worms
  A dart slug (D:1)
  4 leopard geckos
  An orc (D:3)
  4 bats
  3 hobgoblins
  3 jackals (D:5)
  3 quokkas
  3 ball pythons
  A frilled lizard (D:2)
  10 goblins
  10 kobolds
  A leopard gecko skeleton (D:5)
  A quokka skeleton (D:5)
  A quokka zombie (D:5)
  11 rats
97 creatures vanquished.

Notes
Turn   | Place    | Note
-------+----------+-------------------------------------------
     0 | D:1      | Monsterracer the Felid Monk began the quest for the Orb.
     0 | D:1      | Reached XP level 1. HP: 10/10 MP: 2/2
   257 | D:1      | Found a shimmering altar of Xom.
   298 | D:1      | Reached XP level 2. HP: 14/14 MP: 3/3
   860 | D:2      | Reached XP level 3. HP: 17/17 MP: 4/4
  1416 | D:2      | HP: 4/17 [worm (6)]
  1870 | D:2      | Found a runed door.
  2150 | D:3      | Reached XP level 4. HP: 15/21 MP: 5/5
  2179 | D:3      | HP: 9/21 [adder (3)]
  2185 | D:3      | HP: 7/21 [poisoned by an adder]
  2192 | D:3      | HP: 5/21 [poisoned by an adder]
  2200 | D:3      | HP: 4/21 [poisoned by an adder]
  2359 | D:3      | Noticed troglodite's ghost (amateur OpSk)
  2409 | D:3      | HP: 8/21 [worm (5)]
  2417 | D:3      | HP: 5/21 [hobgoblin (3)]
  2698 | D:3      | Found a glowing drain.
  2700 | D:3      | HP: 9/22 [river rat (9)]
  2709 | D:3      | HP: 2/22 [river rat (8)]
  2709 | D:3      | Slain by a rat
  2710 | D:3      | Reached XP level 3. HP: 0/18 MP: 4/4
  2718 | D:3      | Reached XP level 4. HP: 22/22 MP: 5/5
  2735 | Sewer    | Entered a sewer
  2915 | Sewer    | Reached skill level 5 in Dodging
  3036 | Sewer    | Noticed a big kobold
  3037 | Sewer    | Noticed a big kobold
  3060 | Sewer    | Killed a big kobold
  3060 | Sewer    | Reached XP level 5. HP: 14/25 MP: 6/6
  3383 | Sewer    | Reached skill level 5 in Unarmed Combat
  3709 | Sewer    | Gained mutation: You are covered in thick fur. (AC +2) [Felid growth]
  3709 | Sewer    | Reached XP level 6. HP: 28/28 MP: 7/7
  4122 | D:3      | Killed troglodite's ghost
  4122 | D:3      | Reached skill level 5 in Stealth
  4800 | D:4      | Reached XP level 7. HP: 33/33 MP: 8/8
  4935 | D:5      | Entered Level 5 of the Dungeon
  5032 | D:4      | HP: 15/33 [bullfrog (3)]
  5038 | D:4      | HP: 5/33 [gnoll/spear of piercing (9)]
  5038 | D:4      | HP: 2/33 [gnoll/spear of piercing (3)]
  5052 | D:4      | Slain by a bullfrog
  5053 | D:4      | Reached XP level 6. HP: -2/29 MP: 7/7
  5397 | D:5      | Noticed Edmund
  5412 | D:5      | HP: 13/30 [Edmund/flail of protection (6)]
  5601 | D:2      | Noticed Crazy Yiuf
  5605 | D:2      | Killed Crazy Yiuf
  5675 | D:5      | Found a staircase to the Ecumenical Temple.
  5687 | Temple   | Entered the Ecumenical Temple
  5831 | Temple   | Became a worshipper of Dithmenos the Shadowed
  5831 | Temple   | Reached * piety under Dithmenos
  5831 | Temple   | Reached ** piety under Dithmenos
  5954 | D:5      | Reached skill level 5 in Fighting
  5954 | D:5      | Reached XP level 7. HP: 33/33 MP: 8/8
  5977 | D:5      | HP: 13/33 [gnoll/spear (10)]
  6010 | D:5      | HP: 9/33 [gnoll/flail (7)]
  6011 | D:5      | HP: 4/33 [gnoll/flail (5)]
  6012 | D:5      | Slain by a gnoll

Skill      XL: |  1  2  3  4  5  6 |
---------------+-------------------+-----
Stealth        | 3 4 6 |  6.3
Unarmed Combat | 4 5 6 |  6.4
Dodging        | 5 6 |  6.5
Fighting       | 4 5 |  5.0
Invocations    | |  0.4

Action                   |  1- 3 |  4- 6 |  7- 9 || total
-------------------------+-------+-------+-------++-------
Melee: Unarmed           |    94 |   252 |    34 ||   380
       Bite              |     5 |    23 |     2 ||    30
       Punch             |       |     4 |       ||     4
  Use: Scroll            |       |    14 |     1 ||    15
       Potion            |       |     2 |       ||     2
 Stab: Sleeping          |    11 |    10 |     2 ||    23
       Distracted        |       |     1 |       ||     1
  Eat: Chunk             |     9 |    17 |     2 ||    28
Armor: Skin              |     2 |     7 |     3 ||    12
Dodge: Dodged            |    72 |   192 |    51 ||   315

Vault maps used:
D:1:      dpeg_arrival_refuge, xom_teletrap_fun
D:2:      first_ration, item_on_display_a, uniq_crazy_yiuf_cottage
D:3:      gup_sewer_entry_bowl
D:5:      minmay_temple_entry_purple_smoke, uniq_edmund, uniq_blork_the_orc
Temple:   eino_temple_scatter_basement
Sewer:    sewer_co_15_rooms
